 Dungeon Crawl Stone Soup version 0.30-a0-1074-g5db6f66fbb (webtiles) character file.

Game seed: 3918846096757300414

4354 Dirtsage the Grappler (level 10, 0/71 HPs)
             Began as a Demonspawn Monk on Apr 14, 2023.
             Was a Priest of Hepliaklqana.
             Killed from afar by a deep elf pyromancer (28 damage)
             ... with a bolt of fire
             ... on level 8 of the Dungeon.
             The game lasted 00:16:28 (7174 turns).

Dirtsage the Grappler (Demonspawn Monk)             Turns: 7174, Time: 00:16:28

Health: 0/71       AC:  8    Str: 17    XL:     10   Next: 12%
Magic:  0/10       EV: 11    Int: 11    God:    Hepliaklqana [***...]
Gold:   492        SH:  0    Dex: 15    Spells: 9/9 levels left

rFire   . . .      SeeInvis .      - Unarmed
rCold   + . .      Faith    .    k - orb {light}
rNeg    . . .      Spirit   +    G - +0 swamp dragon scales
rPois   +          Reflect  .    (no helmet)
rElec   .          Rampage  .    (cloak unavailable)
rCorr   .                        (no gloves)
Will    +....                    (no boots)
Stlth   +                        w - amulet of guardian spirit
HPRegen 0.31/turn                a - ring of willpower
MPRegen 0.12/turn                I - ring of protection from cold

@: glowing, studying Shields
A: reduced essence, claws 1, demonic guardian 1, weakness stinger 3
a: Renounce Religion, Recall Ancestor, Ancestor Identity, Transference


You were on level 8 of the Dungeon.
You worshipped Hepliaklqana.
Hepliaklqana was most pleased with you.
You visited 2 branches of the dungeon, and saw 9 of its levels.

You collected 624 gold pieces.
You spent 132 gold pieces at shops.

Inventory:

Missiles
 J - a curare-tipped dart (quivered)
Armour
 g - a +0 cloak
 k - an orb of light (worn)
 v - a +3 scale mail of cold resistance
 D - a +0 buckler
 G - +0 swamp dragon scales (worn)
Magical Staves
 r - a staff of air
 F - a staff of cold
Jewellery
 a - a ring of willpower (left claw)
 n - an amulet of faith
 w - an amulet of guardian spirit (around neck)
 I - a ring of protection from cold (right claw)
Wands
 p - a wand of flame (36)
 s - a wand of mindburst (13)
 C - a wand of charming (24)
 K - a wand of roots (6)
Scrolls
 h - a scroll of enchant weapon
 i - 2 scrolls of identify
 j - a scroll of enchant armour
 m - a scroll of magic mapping
 t - 4 scrolls of teleportation
 x - a scroll of vulnerability
 y - a scroll of torment
 E - a scroll of fog {unknown}
Potions
 b - 2 potions of degeneration {unknown}
 c - 2 potions of ambrosia
 d - 3 potions of might
 e - 3 potions of haste {unknown}
 f - 2 potions of lignification {unknown}
 l - 5 potions of heal wounds
 o - 2 potions of resistance {unknown}
 q - 4 potions of curing
 u - 2 potions of magic {unknown}
 z - a potion of mutation
 A - a potion of attraction {unknown}
 B - 2 potions of berserk rage {unknown}
 H - a potion of cancellation {unknown}


   Skills:
 + Level 7.0 Fighting
 - Level 4.0 Axes
 + Level 5.6 Armour
 - Level 2.6 Dodging
 - Level 1.7 Stealth
 * Level 10.3 Unarmed Combat


You had 9 spell levels left.
You didn't know any spells.
Your spell library contained the following spells:

 Spells                   Type           Power      Damage    Failure   Level
 Beastly Appendage        Tmut           0%         N/A       52%         1
 Wereblood                Tmut           0%         N/A       67%         2
 Spider Form              Tmut/Pois      0%         N/A       88%         3


Dungeon Overview and Level Annotations

Branches:
Dungeon (8/15)             Temple (1/1) D:4
   Lair: D:8-11

Altars:
Ashenzari
Fedhas
Gozag
Hepliaklqana
Kikubaaqudgha
Makhleb
Nemelex Xobeh
Okawaru
Qazlal
Sif Muna
Trog
Vehumet
Wu Jian
Xom
Yredelemnul

Shops:
D:6 !   D:8 (


Innate Abilities, Weirdness & Mutations

Your life essence is reduced to manifest your ancestor. (-10% HP)
You have sharp fingernails.
A weak demonic guardian rushes to your aid.
You have a sharp stinger which inflicts weakening toxins.


Message History

Synnove resists.
The fire elemental closely misses you.
Synnove hits the fire elemental with a +0 dagger of draining!
You barely miss the fire elemental. You tail-slap the fire elemental.
The fire elemental is almost destroyed.
The fire elemental closely misses you.
Synnove hits the fire elemental with a +0 dagger of draining!
The fire elemental is destroyed!
The fire elemental disappears in a puff of smoke!
The fire elemental hits you. The fire elemental burns you!
You take 6 damage, and have 45/71 hp.
You now have 6/10 mp.
The fire elemental hits Synnove.
The fire elemental burns Synnove!
Synnove resists.
Really walk into that cloud of flame? [Y]es or [N]o only, please.
Really walk into that cloud of flame?
Okay, then.
The fire elemental hits you. The fire elemental burns you!
The deep elf pyromancer casts a spell at you.
The sticky flame hits Synnove.
Synnove resists.
You take 8 damage, and have 37/71 hp.
You now have 5/10 mp.
You claw the fire elemental! You tail-slap the fire elemental.
The fire elemental is heavily damaged.
The fire elemental barely misses you.
Synnove points at the deep elf pyromancer and mumbles some strange words.
The deep elf pyromancer easily resists.
The fire elemental closely misses you.
You claw the fire elemental!
The fire elemental is severely damaged.
Synnove closely misses the deep elf pyromancer.
Synnove points at the deep elf pyromancer and mumbles some strange words.
The deep elf pyromancer easily resists.
The fire elemental hits you. The fire elemental burns you!
You take 9 damage, and have 28/71 hp.
You now have 4/10 mp.
You claw the fire elemental!
You destroy the fire elemental!
The fire elemental disappears in a puff of smoke!
The deep elf pyromancer points at you and mumbles some strange words.
The bolt of fire misses Synnove.
The bolt of fire hits you!!
You die...

#...# # #####...# #####
##....... #...# .......###
#...# ## #..[[..# ### #...#
#..###..#.# #.# ####...#
#.......#e# ..# #.......
#.......#R###.# #.##...#
#......<@..##.# ##.##...#
..#.....#.ยง....###....####
...#................#.#
....##..##########.##.#
.... #... #.##.. ... ....#
#.##### ## ###..# #.# #.#
#.# #.#


You could see the friendly Synnove the hexer and a deep elf pyromancer (drained,
ally target).

Vanquished Creatures
  Erica (D:8)
  Maggie (D:8)
  Grinder (D:5)
  A steam dragon (D:8)
  Menkaure (D:6)
  2 water moccasins
  2 black bears
  An orc warrior (D:8)
  2 ice beasts (D:6)
  2 sky beasts
  2 ogres
  A kobold brigand (D:8)
  3 bullfrogs
  4 scorpions
  A gnoll sergeant (D:7)
  A wight (D:8)
  A howler monkey (D:6)
  2 hounds (D:4)
  A jelly (D:8)
  An orc priest (D:8)
  3 iguanas
  3 orc wizards
  4 gnolls
  5 river rats (D:6)
  9 adders
  A shadow imp (D:6)
  A white imp (D:5)
  An ufetubus (D:5)
  6 worms
  5 dart slugs
  15 orcs
  6 ball pythons
  4 endoplasms
  A giant cockroach (D:1)
  7 goblins
  8 hobgoblins
  3 jackals (D:3)
  10 quokkas
  5 bats
  2 frilled lizards
  9 kobolds
  17 rats
156 creatures vanquished.

Vanquished Creatures (collateral kills)
  A steam dragon (D:7)
  A water moccasin (D:7)
  An ogre (D:7)
  A centaur (D:6)
  A scorpion (D:6)
  A wight (D:8)
  2 jellies
  A hound (D:5)
  2 orc priests (D:6)
  3 orc wizards
  An iguana (D:5)
  2 gnolls (D:7)
  8 orcs
  2 quokkas (D:6)
27 creatures vanquished.

Vanquished Creatures (others)
  2 hexers
  3 plants (D:6)
5 creatures vanquished.

Grand Total: 188 creatures vanquished

Notes
Turn   | Place    | Note
-------+----------+-------------------------------------------
     0 | D:1      | Dirtsage the Demonspawn Monk began the quest for the Orb.
     0 | D:1      | Reached XP level 1. HP: 18/18 MP: 1/1
    95 | D:1      | Discovered your monstrous ancestry.
    95 | D:1      | Gained mutation: You have a small tail. [demonic ancestry]
    95 | D:1      | Reached XP level 2. HP: 24/24 MP: 2/2
   439 | D:2      | Reached XP level 3. HP: 29/29 MP: 3/3
   734 | D:2      | Reached skill level 1 in Unarmed Combat
   901 | D:2      | Reached XP level 4. HP: 35/35 MP: 4/4
  1133 | D:2      | Reached skill level 2 in Unarmed Combat
  1298 | D:2      | Noticed an ogre
  1309 | D:2      | Killed an ogre
  1310 | D:2      | Reached skill level 3 in Unarmed Combat
  1310 | D:2      | Gained mutation: You have sharp fingernails. [demonic
                  | ancestry]
  1310 | D:2      | Reached XP level 5. HP: 41/41 MP: 5/5
  2528 | D:4      | Reached skill level 4 in Unarmed Combat
  2549 | D:4      | Found a staircase to the Ecumenical Temple.
  2556 | Temple   | Entered the Ecumenical Temple
  2732 | Temple   | Became a worshipper of Hepliaklqana the Forgotten
  2732 | Temple   | Reached * piety under Hepliaklqana
  2732 | Temple   | Reached ** piety under Hepliaklqana
  2750 | Temple   | Remembered your ancestor Synnove as a hexer
  2793 | D:4      | Reached XP level 6. HP: 32/42 MP: 6/6
  2887 | D:4      | Found a basalt altar of Yredelemnul.
  2958 | D:4      | Reached skill level 5 in Unarmed Combat
  3597 | D:5      | Entered Level 5 of the Dungeon
  3683 | D:5      | Noticed a sky beast
  3690 | D:5      | Killed a sky beast
  3691 | D:5      | Reached skill level 6 in Unarmed Combat
  3691 | D:5      | Gained mutation: You have a tail ending in a sharp stinger.
                  | [demonic ancestry]
  3691 | D:5      | Reached XP level 7. HP: 46/46 MP: 7/7
  3812 | D:5      | Noticed a troll
  3976 | D:5      | Identified a scroll of acquirement
  3979 | D:5      | Acquired a manual of Shields
  4270 | D:5      | Reached skill level 1 in Armour
  4377 | D:6      | Noticed Grinder
  4379 | D:6      | Paralysed by Grinder for 2 turns
  4389 | D:5      | Killed Grinder
  4390 | D:5      | Reached skill level 7 in Unarmed Combat
  4497 | D:6      | Gained mutation: A weak demonic guardian rushes to your
                  | aid. [demonic ancestry]
  4497 | D:6      | Reached XP level 8. HP: 54/54 MP: 8/8
  4548 | D:6      | Noticed Menkaure
  4554 | D:6      | Killed Menkaure
  4757 | D:6      | Reached skill level 5 in Fighting
  4757 | D:6      | Reached skill level 8 in Unarmed Combat
  5011 | D:6      | Found an opulent altar of Gozag.
  5047 | D:6      | Found a broken altar of Ashenzari.
  5085 | D:6      | Found an ornate altar of the Wu Jian Council.
  5232 | D:6      | Gained mutation: You have a sharp stinger which inflicts
                  | weakening toxins. [demonic ancestry]
  5232 | D:6      | Reached XP level 9. HP: 61/61 MP: 9/9
  5358 | D:6      | Found Hath's Distillery.
  5464 | D:6      | Identified the +0 sling of Mihyog {antimagic, Will+ Stlth+}
  5474 | D:6      | Bought a potion of curing for 33 gold pieces
  5474 | D:6      | Bought a potion of heal wounds for 55 gold pieces
  5474 | D:6      | Bought a potion of might for 44 gold pieces
  5630 | D:7      | Reached *** piety under Hepliaklqana
  5810 | D:7      | Found a stormy altar of Qazlal.
  5822 | D:7      | Found a blossoming altar of Fedhas.
  5918 | D:7      | Reached skill level 9 in Unarmed Combat
  5951 | D:7      | Found a burning altar of Makhleb.
  6013 | D:7      | Found an iron altar of Okawaru.
  6594 | D:8      | Noticed a two-headed ogre
  6595 | D:8      | Noticed Erica
  6680 | D:8      | Found Yceqaomu's Antique Weapon Shop.
  6694 | D:8      | Noticed Maggie
  6705 | D:8      | Killed Maggie
  6706 | D:8      | Reached skill level 5 in Armour
  6863 | D:8      | Found a bloodstained altar of Trog.
  6868 | D:8      | Killed Erica
  6869 | D:8      | Reached skill level 10 in Unarmed Combat
  6869 | D:8      | Reached XP level 10. HP: 53/69 MP: 8/10
  7161 | D:8      | Noticed a deep elf pyromancer
  7174 | D:8      | Killed from afar by a deep elf pyromancer

Illustrated notes

Levels and vault maps discovered:
D:1:      dpeg_arrival_shelter, layout_rooms, minmay_tripent
D:2:      layout_basic, serial_rivers, chequers_serial_rivers_micro_d,
          chequers_serial_rivers_room_b, chequers_serial_rivers_micro_c,
          chequers_serial_rivers_micro_a
D:3:      layout_basic, zin_statuary, chequers_serial_rivers_micro_b
D:4:      layout_basic, yredelemnul_altar_generic, minmay_temple_entry_slanted
D:5:      layout_loops_cross, minmay_misc_feat_rows, minmay_misc_feat_roman,
          kennysheep_generic_room_16
D:6:      lemuel_ratsnest, layout_rooms, nicolae_gozag_seed_capital,
          nicolae_overflow_crystal_walls, mainiacjoe_overflow_alcove_2,
          nicolae_elyvilon_temple_path, serial_shops, shop, uniq_menkaure,
          uniq_grinder
D:7:      layout_gridville, grunt_temple_overflow_forces_of_nature,
          kennysheep_little_box, mainiacjoe_overflow_alcove_4
D:8:      layout_basic, mainiacjoe_overflow_24_doors,
          amethyst_overflow_temple_binary, serial_shops, shop,
          hangedman_decor_riveting, grunt_ministairs_11,
          hangedman_abyss_or_decor_jellyfish_corner, hangedman_decor_points,
          uniq_erica, uniq_maggie
Temple:   nicolae_temple_bog_church

Skill      XL: |  1  2  3  4  5  6  7  8  9 10 |
---------------+-------------------------------+-----
Axes           | 3 4 |  4.0
Unarmed Combat | 1 3 4 6 7 8 10 | 10.3
Armour         | 2 3 5 |  5.6
Fighting       | 4 5 6 7 |  7.0
Dodging        | |  2.6
Stealth        | |  1.7

Action                     |  1- 3 |  4- 6 |  7- 9 | 10-12 || total
---------------------------+-------+-------+-------+-------++-------
  Melee: Hand axe          |    85 |    35 |       |       ||   120
         Tailslap          |    14 |    32 |    50 |     5 ||   101
         Unarmed           |       |   116 |   279 |    17 ||   412
  Throw: Throwing net      |       |     1 |       |       ||     1
 Invoke: Ancestor Life: He |       |     1 |       |       ||     1
         Ancestor Identity |       |     1 |       |       ||     1
  Evoke: Wand              |       |       |     1 |       ||     1
    Use: Scroll            |       |       |     9 |       ||     9
   Stab: Held in net/web   |       |     1 |       |       ||     1
         Confused          |       |     2 |     4 |       ||     6
         Distracted        |       |     1 |     2 |       ||     3
 Armour: Robe              |    13 |     8 |       |       ||    21
         Chain mail        |       |    22 |       |       ||    22
         Scale mail        |       |    16 |    83 |       ||    99
         Swamp dragon scal |       |       |     3 |     9 ||    12
  Dodge: Dodged            |    51 |    70 |   127 |    10 ||   258

Table legend: (Time is in decaauts)
 A = Elapsed time spent in this place.
 B = Non-inter-level travel time spent in this place.
 C = Inter-level travel time spent in this place.
 D = Time resting spent in this place.
 E = Time spent auto-exploring this place.
 F = Levels seen in this place.
 G = Mean time per level.
                   A        B        C        D        E       F      G
               +--------+--------+--------+--------+--------+-----+--------+
         Total |   7139 |   6772 |    367 |    288 |   5335 |   9 |  793.2 |
       Dungeon |   6939 |   6594 |    345 |    288 |   5184 |   8 |  867.4 |
        Temple |    199 |    177 |     22 |      0 |    150 |   1 |  199.0 |
               +--------+--------+--------+--------+--------+-----+--------+

Top non-repeatable levels by time:
     D:2: 1160 daAuts
     D:4: 1130 daAuts
     D:6: 1072 daAuts
     D:7: 1000 daAuts
     D:5: 778 daAuts
     D:3: 764 daAuts
     D:8: 599 daAuts
     D:1: 432 daAuts
  Temple: 199 daAuts
